 Dungeon Crawl Stone Soup version 0.19.1-1-g22dce08 (webtiles) character file.

84 theAP the Skirmisher (level 4, 0/29 HPs)
             Began as a Gargoyle Fighter on Jan 17, 2017.
             Was an Initiate of Cheibriados.
             Slain by a gnoll
             ... wielding a +0 halberd
              (12 damage)
             ... on level 2 of the Dungeon.
             The game lasted 00:03:53 (1670 turns).

theAP the Skirmisher (Gargoyle Fighter)             Turns: 1670, Time: 00:03:54

Health: 0/29       AC: 11    Str: 24    XL:     4   Next: 46%
Magic:  4/4        EV:  7    Int:  9    God:    Cheibriados [......]
Gold:   88         SH: 10    Dex: 10    Spells: 0 memorised, 3 levels left

rFire  . . .     SeeInvis +     a - +1 flail
rCold  . . .     Gourm    .     b - +0 scale mail
rNeg   + . .     Faith    .     c - +1 shield
rPois  ∞         Spirit   .     k - +0 helmet
rElec  +         Reflect  .     (no cloak)
rCorr  .         Harm     .     (no gloves)
MR     .....                    (no boots)
Stlth  ..........               (no amulet)
                                m - ring of see invisible
                                l - +2 ring of strength

@: very slow
A: negative energy resistance 1, electricity resistance, unbreathing,
petrification resistance, rot immunity, AC +3
a: Bend Time, Renounce Religion


You were on level 2 of the Dungeon.
You worshipped Cheibriados.
Cheibriados was noncommittal.
You were not hungry.

You visited 1 branch of the dungeon, and saw 3 of its levels.

You collected 88 gold pieces.

Inventory:

Hand Weapons
 a - a +1 flail (weapon)
Armour
 b - a +0 scale mail (worn)
 c - a +1 shield (worn)
 k - a +0 helmet (worn)
Jewellery
 h - an uncursed ring of wizardry
 l - a +2 ring of strength (left hand)
 m - a ring of see invisible (right hand)
Scrolls
 e - a scroll of teleportation
 p - 2 scrolls of fear {unknown}
Potions
 d - a potion of might
 g - a potion of haste
 i - 2 potions of degeneration
 o - a potion of curing {unknown}
 q - a potion of cancellation {unknown}
Comestibles
 f - a bread ration
 j - a meat ration
 n - 2 fruits
 r - a beef jerky
 s - 2 chunks of flesh


   Skills:
 + Level 4.0 Fighting
 * Level 4.0 Maces & Flails
 - Level 3.2 Armour
 - Level 3.2 Shields


You had 3 spell levels left.
You didn't know any spells.

Dungeon Overview and Level Annotations

Branches:
Dungeon (3/15)

Altars:
Ashenzari
Cheibriados
Dithmenos
Fedhas
Kikubaaqudgha
Nemelex Xobeh
Okawaru
Ru
Uskayaw
Xom


Innate Abilities, Weirdness & Mutations

You are resistant to torment.
Your stone body is resilient. (AC +3)
You are immune to poison.
You resist negative energy. (rN+)
You are resistant to electric shocks. (rElec)
You can survive without breathing.
You are immune to petrification.
You are immune to rotting.


Message History

You closely miss the quokka. You block the goblin's attack.
The quokka barely misses you.
The gnoll hits you from afar with a halberd!
You closely miss the quokka. The quokka bites you.
The goblin hits you with a club. You block the quokka's attack.
The gnoll hits you but does no damage. The goblin barely misses you.
You thump the quokka!
You kill the quokka!
Cheibriados appreciates the change of pace.
You block the goblin's attack. The gnoll hits you but does no damage.
You hit the goblin.
You kill the goblin!
Cheibriados appreciates the change of pace.
The gnoll hits you from afar with a halberd.
The gnoll hits you with a halberd.
There is an open door here.
Things that are here:
a club; a giant cockroach corpse You closely miss the gnoll.
The gnoll hits you with a halberd!
You die...

# ######### ########
#.......#
.##....####.......#
≈##...............#
≈##............####
≈##............###
..'............†>#
###............#@#####
#.............g....#
#..................#
#....######........#
###....# #........# #
#....# #...)....#### #
#....# ####........#
## #....# ########.#
.# #....# #.####


You could see a gnoll.

Vanquished Creatures
  2 gnolls
  3 oozes
  3 dart slugs (D:2)
  2 leopard geckos (D:1)
  5 giant cockroaches
  6 hobgoblins
  A quokka (D:2)
  5 bats
  2 frilled lizards (D:2)
  7 goblins
  A kobold (D:1)
  8 rats
45 creatures vanquished.

Notes
Turn   | Place    | Note
-------+----------+-------------------------------------------
     0 | D:1      | theAP the Gargoyle Fighter began the quest for the Orb.
     0 | D:1      | Reached XP level 1. HP: 14/14 MP: 1/1
    47 | D:1      | Reached XP level 2. HP: 2/19 MP: 2/2
   474 | D:1      | Reached XP level 3. HP: 23/23 MP: 3/3
  1011 | D:2      | Found a sparkling altar of Nemelex Xobeh.
  1024 | D:2      | Found a hide-covered altar of Uskayaw.
  1297 | D:2      | Found a snail-covered altar of Cheibriados.
  1330 | D:2      | Became a worshipper of Cheibriados the Contemplative
  1389 | D:2      | Reached XP level 4. HP: 29/29 MP: 4/4
  1469 | D:2      | Found a shimmering altar of Xom.
  1480 | D:2      | Found a sacrificial altar of Ru.
  1485 | D:2      | Found a shattered altar of Ashenzari.
  1492 | D:2      | Found a shadowy altar of Dithmenos.
  1497 | D:2      | Found an iron altar of Okawaru.
  1504 | D:2      | Found an ancient bone altar of Kikubaaqudgha.
  1509 | D:2      | Found a blossoming altar of Fedhas.
  1670 | D:2      | Slain by a gnoll

Skill      XL: |  1  2  3  4 |
---------------+-------------+-----
Maces & Flails | 3 4 |  4.0
Fighting       | 4 |  4.0
Armour         | |  3.2
Shields        | |  3.2

Action                   |  1- 3 |  4- 6 || total
-------------------------+-------+-------++-------
Melee: Flail             |   107 |    32 ||   139
  Use: Scroll            |     8 |       ||     8
  Eat: Chunk             |     2 |     1 ||     3
Armor: Scale mail        |    41 |    23 ||    64
Dodge: Dodged            |    42 |    13 ||    55
Block: Shield            |    49 |    22 ||    71
